 Dungeon Crawl Stone Soup version 0.19.1-1-g22dce08 (webtiles) character file.

205 Dolanko the Skirmisher (level 5, 0/34 HPs)
             Began as a Gargoyle Fighter on Dec 29, 2016.
             Slain by Dolanko's ghost (2 damage)
             ... on level 3 of the Dungeon.
             The game lasted 00:04:45 (2863 turns).

Dolanko the Skirmisher (Gargoyle Fighter)           Turns: 2863, Time: 00:04:46

Health: 0/34       AC: 11    Str: 21    XL:     5   Next: 83%
Magic:  5/5        EV:  7    Int: 10    God:
Gold:   285        SH:  9    Dex:  9    Spells: 0 memorised, 4 levels left

rFire  . . .     SeeInvis .     a - +0 flail
rCold  . . .     Gourm    .     r - +0 scale mail {MR+}
rNeg   + . .     Faith    .     c - +0 shield
rPois  ∞         Spirit   .     (no helmet)
rElec  +         Reflect  .     (no cloak)
rCorr  .         Harm     .     (no gloves)
MR     +....                    (no boots)
Stlth  ..........               (no amulet)
                                (no ring)
                                p - -3 ring of intelligence (curse)

@: brilliant, flying
A: negative energy resistance 1, electricity resistance, unbreathing,
petrification resistance, rot immunity, AC +4
a: no special abilities


You were on level 3 of the Dungeon.
You were not hungry.

You visited 1 branch of the dungeon, and saw 3 of its levels.

You collected 285 gold pieces.

Inventory:

Hand Weapons
 a - a +0 flail (weapon)
Armour
 c - a +0 shield (worn)
 r - a +0 scale mail of magic resistance (worn)
Jewellery
 p - a cursed -3 ring of intelligence (left hand)
Wands
 g - a wand of slowing (25/48)
Scrolls
 e - a scroll of enchant armour {unknown}
 i - a scroll of teleportation {unknown}
 k - 5 scrolls of identify
 m - a scroll of blinking {unknown}
 o - a scroll of noise {unknown}
Potions
 d - a potion of might
Comestibles
 f - 3 bread rations
 h - 2 fruits
 n - a meat ration


   Skills:
 + Level 4.3 Fighting
 * Level 3.8 Maces & Flails
 + Level 4.2 Armour
 + Level 4.3 Shields


You had 4 spell levels left.
You didn't know any spells.

Dungeon Overview and Level Annotations

Branches:
Dungeon (3/15)

Altars:
Cheibriados
Nemelex Xobeh

Annotations:
D:3 Dolanko's ghost, amateur GrFi


Innate Abilities, Weirdness & Mutations

You are resistant to torment.
Your stone body is resilient. (AC +4)
You are immune to poison.
You resist negative energy. (rN+)
You are resistant to electric shocks. (rElec)
You can survive without breathing.
You are immune to petrification.
You are immune to rotting.


Message History

Dolanko's ghost is lightly damaged.
Dolanko's ghost hits you.
You barely miss Dolanko's ghost.
Dolanko's ghost is lightly damaged.
Dolanko's ghost barely misses you. Dolanko's ghost hits you!
* * * LOW HITPOINT WARNING * * *
It was a potion of cancellation.
Your magical effects are unravelling.
You feel magically purged.
You feel a little less mighty now. Dolanko's ghost hits you.
* * * LOW HITPOINT WARNING * * *
It was a potion of flight.
You feel very buoyant.
You fly up into the air.
Dolanko's ghost hits you.
* * * LOW HITPOINT WARNING * * *
It was a potion of brilliance.
You feel clever all of a sudden. Dolanko's ghost hits you.
You die...

#.# ###..###########
#.#####..# #........#
#######.## ######.###
#........# #.####.#.#
#.# ##.#.#######
#.###......W@..#
#........#####......#
#########...##
#####.# .....#
#..[..# ####.#
##...## ####.####.W##
#..........#
#<##.#####.# #.##.#
#'#


You could see Dolanko's ghost.

Vanquished Creatures
  Ijyb (D:3)
  Terence (D:3)
  4 adders
  3 gnolls (D:3)
  An ooze (D:1)
  2 worms (D:2)
  2 dart slugs (D:1)
  8 leopard geckos
  An orc (D:3)
  2 ball pythons
  6 bats
  5 giant cockroaches
  8 goblins
  4 hobgoblins
  4 jackals (D:3)
  A quokka (D:3)
  3 frilled lizards
  5 kobolds
  5 rats
66 creatures vanquished.

Notes
Turn   | Place    | Note
-------+----------+-------------------------------------------
     0 | D:1      | Dolanko the Gargoyle Fighter began the quest for the Orb.
     0 | D:1      | Reached XP level 1. HP: 14/14 MP: 1/1
    53 | D:1      | Reached XP level 2. HP: 11/19 MP: 2/2
   566 | D:1      | Reached XP level 3. HP: 23/23 MP: 3/3
  1002 | D:2      | Reached XP level 4. HP: 23/29 MP: 4/4
  1201 | D:2      | Found a faded altar of an unknown god.
  1201 | D:2      | Found a sparkling altar of Nemelex Xobeh.
  1215 | D:2      | Found a faded altar of an unknown god.
  1218 | D:2      | Found a faded altar of an unknown god.
  1229 | D:2      | Found a faded altar of an unknown god.
  1709 | D:3      | Found a snail-covered altar of Cheibriados.
  1732 | D:3      | Reached XP level 5. HP: 17/33 MP: 5/5
  2458 | D:3      | Noticed Terence
  2485 | D:3      | Killed Terence
  2553 | D:3      | Noticed Ijyb
  2574 | D:3      | Killed Ijyb
  2843 | D:3      | Noticed Dolanko's ghost (amateur GrFi)
  2863 | D:3      | Slain by Dolanko's ghost

Skill      XL: |  1  2  3  4  5 |
---------------+----------------+-----
Maces & Flails | 3 |  3.8
Fighting       | 4 |  4.3
Shields        | 4 |  4.3
Armour         | 4 |  4.2

Action                   |  1- 3 |  4- 6 || total
-------------------------+-------+-------++-------
Melee: Flail             |   154 |   179 ||   333
Evoke: Wand              |       |     4 ||     4
  Use: Potion            |       |     7 ||     7
       Scroll            |       |     3 ||     3
  Eat: Chunk             |     1 |     6 ||     7
Armor: Scale mail        |   106 |    71 ||   177
Dodge: Dodged            |    57 |    53 ||   110
Block: Shield            |    91 |    80 ||   171
